TOP OF THE 1ST |
Burlington Royals batting - Pitching for Orem Owlz : LHP Aqissiaq Storch
|
Pitching: LHP Aqissiaq Storch
|
|
Batting: RHB Jon Shonka
|
0-0: Ball 1-0: Ball 2-0: SINGLE (Groundball, 56S, EV 63.8 MPH) (infield hit)
|
Batting: RHB Mike Bearden
|
0-0: Ball 1-0: Fielders Choice at 2nd, 1-4 (Groundball, P, EV 61.2 MPH)
|
Batting: LHB Pablo Serrato
|
0-0: Ball 1-0: Ball 2-0: Ball 3-0: Foul Ball, location: 2F 3-1: Base on Balls Mike Bearden to second
|
Batting: RHB Carlos Almada
|
0-0: Called Strike 0-1: Foul Ball, location: 2F 0-2: DOUBLE (Line Drive, 9LM, EV 107.5 MPH) Mike Bearden scores Pablo Serrato to third
|
Batting: LHB Vicente Hernandez
|
0-0: Ball 1-0: Called Strike 1-1: Foul Ball, location: 2F 1-2: Fly out, F9 (Flyball, 9, EV 97.5 MPH)
|
Batting: LHB David Bearden
|
0-0: Ball 1-0: Ball 2-0: Ball 3-0: Called Strike 3-1: Base on Balls
|
Batting: RHB Jonas Fernandez
|
0-0: Called Strike 0-1: Fly out, F8 (Flyball, 78D, EV 78.8 MPH)
|
Top of the 1st over - 1 run, 2 hits, 0 errors, 3 left on base; Burlington 1 - Orem 0 |
BOTTOM OF THE 1ST |
Orem Owlz batting - Pitching for Burlington Royals : RHP Brian Hunt
|
Pitching: RHP Brian Hunt
|
|
Batting: RHB Dan Myers
|
0-0: Ball 1-0: SOLO HOME RUN (Flyball, 89XD, EV 107.5 MPH), Distance : 421 ft
|
Batting: RHB Fred Saxton
|
0-0: Ball 1-0: Ball 2-0: Foul Ball, location: 2F 2-1: Ball 3-1: SINGLE (Groundball, 56D, EV 99.4 MPH)
|
Batting: RHB Nick Lombardo
|
0-0: Called Strike 0-1: Ball 1-1: Called Strike Fred Saxton steals 2nd base 1-2: Foul Ball, location: 2F 1-2: Ball 2-2: Foul Ball, location: 2F 2-2: Ball 3-2: Strikes out swinging, 2-3 out at first.
|
Batting: RHB Peter Westover
|
0-0: Ball 1-0: Called Strike 1-1: Ground out 6-3 (Groundball, 6, EV 85.0 MPH) Fred Saxton to third
|
Batting: RHB Dan Thomey
|
0-0: Ball 1-0: Foul Ball, location: 2F 1-1: Ground out 5-3 (Groundball, 56S, EV 85.0 MPH)
|
Bottom of the 1st over - 1 run, 2 hits, 0 errors, 1 left on base; Burlington 1 - Orem 1 |
TOP OF THE 2ND |
Burlington Royals batting - Pitching for Orem Owlz : LHP Aqissiaq Storch
|
Batting: RHB Ian Hornsby
|
0-0: Ball 1-0: Called Strike 1-1: Ball 2-1: Called Strike 2-2: Ball 3-2: Strikes out looking
|
Batting: RHB Carlos Santoni
|
0-0: Foul Ball, location: 2F 0-1: Foul Ball, location: 2F 0-2: SINGLE (Line Drive, 8RS, EV 109.4 MPH)
|
Batting: RHB Jon Shonka
|
0-0: Called Strike 0-1: Foul Ball, location: 2F 0-2: Ball 1-2: Strikes out swinging
|
Batting: RHB Mike Bearden
|
0-0: Foul Ball, location: 2F 0-1: Ground out 4-3 (Groundball, 34, EV 104.4 MPH)
|
Top of the 2nd over - 0 runs, 1 hit, 0 errors, 1 left on base; Burlington 1 - Orem 1 |
BOTTOM OF THE 2ND |
Orem Owlz batting - Pitching for Burlington Royals : RHP Brian Hunt
|
Batting: SHB David Vigo
|
0-0: Ball 1-0: Ground out 6-3 (Groundball, 6M, EV 106.2 MPH)
|
Batting: RHB Aaron Bryant
|
0-0: Foul Ball, location: 2F 0-1: Swinging Strike 0-2: Ball 1-2: Foul Ball, location: 2F 1-2: Foul Ball, location: 2F 1-2: Strikes out looking
|
Batting: RHB Rory Cobb
|
0-0: Ball 1-0: Ball 2-0: Foul Ball, location: 2F 2-1: SINGLE (Groundball, 34D, EV 105.0 MPH)
|
Batting: SHB Danny Gelinas
|
0-0: Ball 1-0: Fielders Choice at 2nd, U6 (Groundball, 4, EV 91.9 MPH)
|
Bottom of the 2nd over - 0 runs, 1 hit, 0 errors, 1 left on base; Burlington 1 - Orem 1 |
TOP OF THE 3RD |
Burlington Royals batting - Pitching for Orem Owlz : LHP Aqissiaq Storch
|
Batting: LHB Pablo Serrato
|
0-0: Ball 1-0: Called Strike 1-1: Swinging Strike 1-2: Ground out 4-3 (Groundball, 4, EV 106.9 MPH)
|
Batting: RHB Carlos Almada
|
0-0: Hit by Pitch
|
Batting: LHB Vicente Hernandez
|
0-0: Fly out, F9 (Flyball, 9, EV 93.1 MPH)
|
Batting: LHB David Bearden
|
0-0: Ball 1-0: Ball 2-0: Ground out 1-3 (Groundball, P, EV 68.1 MPH)
|
Top of the 3rd over - 0 runs, 0 hits, 0 errors, 1 left on base; Burlington 1 - Orem 1 |
BOTTOM OF THE 3RD |
Orem Owlz batting - Pitching for Burlington Royals : RHP Brian Hunt
|
Batting: RHB Dan Myers
|
0-0: Foul Ball, location: 3F, Error on foul ball, E3 0-1: Ball 1-1: Ground out 6-3 (Groundball, 6, EV 103.1 MPH)
|
Batting: RHB Fred Saxton
|
0-0: Fly out, F9 (Line Drive, 9S, EV 96.2 MPH)
|
Batting: RHB Nick Lombardo
|
0-0: Ball 1-0: Foul Ball, location: 2F 1-1: Ground out 5-3 (Groundball, 56, EV 93.1 MPH)
|
Bottom of the 3rd over - 0 runs, 0 hits, 1 error, 0 left on base; Burlington 1 - Orem 1 |
TOP OF THE 4TH |
Burlington Royals batting - Pitching for Orem Owlz : LHP Aqissiaq Storch
|
Batting: RHB Jonas Fernandez
|
0-0: Ball 1-0: SINGLE (Groundball, 4MS, EV 68.8 MPH) (infield hit)
|
Batting: RHB Ian Hornsby
|
0-0: Ball 1-0: Ball 2-0: Swinging Strike 2-1: Ball 3-1: Foul Ball, location: 2F 3-2: Foul Ball, location: 2F 3-2: Foul Ball, location: 2F 3-2: Strikes out swinging
|
Batting: RHB Carlos Santoni
|
0-0: Called Strike 0-1: Foul Ball, location: 2F 0-2: Strikes out swinging
|
Batting: RHB Jon Shonka
|
0-0: Called Strike 0-1: Ball 1-1: Ball 2-1: Ball 3-1: Foul Ball, location: 2F 3-2: Ground out 5-3 (Groundball, 5S, EV 63.1 MPH)
|
Top of the 4th over - 0 runs, 1 hit, 0 errors, 1 left on base; Burlington 1 - Orem 1 |
BOTTOM OF THE 4TH |
Orem Owlz batting - Pitching for Burlington Royals : RHP Brian Hunt
|
Batting: RHB Peter Westover
|
0-0: Foul Ball, location: 2F 0-1: Ball 1-1: Ball 2-1: Ball 3-1: Called Strike 3-2: Ground out 4-3 (Groundball, 4, EV 80.0 MPH)
|
Batting: RHB Dan Thomey
|
0-0: Ball 1-0: Foul Ball, location: 2F 1-1: Ball 2-1: Foul Ball, location: 2F 2-2: Strikes out swinging
|
Batting: SHB David Vigo
|
0-0: SINGLE (Flyball, 56D, EV 86.9 MPH) - OUT at second base trying to stretch hit.
|
Bottom of the 4th over - 0 runs, 1 hit, 0 errors, 0 left on base; Burlington 1 - Orem 1 |
TOP OF THE 5TH |
Burlington Royals batting - Pitching for Orem Owlz : LHP Aqissiaq Storch
|
Batting: RHB Mike Bearden
|
0-0: Ball 1-0: Ball 2-0: Ball 3-0: Called Strike 3-1: Foul Ball, location: 2F 3-2: Foul Ball, location: 2F 3-2: Fly out, F7 (Flyball, 7LS, EV 75.6 MPH)
|
Batting: LHB Pablo Serrato
|
0-0: Ball 1-0: Called Strike 1-1: Swinging Strike 1-2: Ball 2-2: Ball 3-2: Strikes out swinging
|
Batting: RHB Carlos Almada
|
0-0: Ball 1-0: Called Strike 1-1: Called Strike 1-2: Foul Ball, location: 2F 1-2: SINGLE (Flyball, 78M, EV 92.5 MPH)
|
Pitching: RHP Kunihiro Sasaki
|
|
Batting: LHB Vicente Hernandez
|
0-0: Foul Ball, location: 2F 0-1: Swinging Strike 0-2: Ball 1-2: Ball 2-2: Ball 3-2: Strikes out swinging
|
Top of the 5th over - 0 runs, 1 hit, 0 errors, 1 left on base; Burlington 1 - Orem 1 |
BOTTOM OF THE 5TH |
Orem Owlz batting - Pitching for Burlington Royals : RHP Brian Hunt
|
Batting: RHB Aaron Bryant
|
0-0: Called Strike 0-1: Ball 1-1: Ground out 4-3 (Groundball, 4, EV 83.8 MPH)
|
Batting: RHB Rory Cobb
|
0-0: Ball 1-0: Foul Ball, location: 2F 1-1: Foul Ball, location: 2F 1-2: Strikes out swinging
|
Batting: SHB Danny Gelinas
|
0-0: Ground out 4-3 (Groundball, 4, EV 82.5 MPH)
|
Bottom of the 5th over - 0 runs, 0 hits, 0 errors, 0 left on base; Burlington 1 - Orem 1 |
TOP OF THE 6TH |
Burlington Royals batting - Pitching for Orem Owlz : RHP Kunihiro Sasaki
|
Batting: LHB David Bearden
|
0-0: Called Strike 0-1: Called Strike 0-2: Ball 1-2: Ground out U3 (Groundball, 3, EV 101.9 MPH)
|
Batting: RHB Jonas Fernandez
|
0-0: Called Strike 0-1: Ball 1-1: Foul Ball, location: 2F 1-2: Ball 2-2: Fly out, F9 (Flyball, 89S, EV 94.4 MPH)
|
Batting: RHB Ian Hornsby
|
0-0: Ball 1-0: Foul Ball, location: 2F 1-1: Foul Ball, location: 2F 1-2: Ball 2-2: Strikes out swinging
|
Top of the 6th over - 0 runs, 0 hits, 0 errors, 0 left on base; Burlington 1 - Orem 1 |
BOTTOM OF THE 6TH |
Orem Owlz batting - Pitching for Burlington Royals : RHP Brian Hunt
|
Batting: RHB Dan Myers
|
0-0: Ball 1-0: Swinging Strike 1-1: Swinging Strike 1-2: Ball 2-2: Ball 3-2: Foul Ball, location: 2F 3-2: Base on Balls
|
Batting: RHB Fred Saxton
|
0-0: Called Strike 0-1: DOUBLE (Flyball, 8LD, EV 105.6 MPH) Dan Myers to third Runner from 3rd tries for Home, SAFE, no throw by CF
|
Batting: RHB Nick Lombardo
|
0-0: Ball 1-0: Ball 2-0: Called Strike 2-1: Ball 3-1: Base on Balls
|
Pitching: LHP Brett Reed
|
|
Batting: RHB Peter Westover
|
0-0: Swinging Strike 0-1: Foul Ball, location: 2F 0-2: Ball 1-2: Ball Wild Pitch! Fred Saxton to third Nick Lombardo to second 2-2: Strikes out swinging
|
Batting: RHB Dan Thomey
|
0-0: Called Strike 0-1: Foul Ball, location: 2F 0-2: Ball 1-2: Ball 2-2: Ball 3-2: Foul Ball, location: 2F 3-2: Strikes out looking
|
Batting: SHB David Vigo
|
0-0: Called Strike 0-1: Foul Ball, location: 2F 0-2: Strikes out swinging
|
Bottom of the 6th over - 1 run, 1 hit, 0 errors, 2 left on base; Burlington 1 - Orem 2 |
TOP OF THE 7TH |
Burlington Royals batting - Pitching for Orem Owlz : RHP Kunihiro Sasaki
|
Batting: RHB Carlos Santoni
|
0-0: Ball 1-0: Called Strike 1-1: Ground out 6-3 (Groundball, 6, EV 99.4 MPH)
|
Batting: RHB Jon Shonka
|
0-0: Ball 1-0: Ball 2-0: Called Strike 2-1: Foul Ball, location: 2F 2-2: Ball 3-2: Base on Balls
|
Batting: RHB Mike Bearden
|
0-0: Ball 1-0: Swinging Strike 1-1: Fly out, F6 (Popup, 6S, EV 75.0 MPH)
|
Batting: LHB Pablo Serrato
|
0-0: Ball 1-0: Called Strike 1-1: Foul Ball, location: 2F 1-2: Ball 2-2: Ball 3-2: Fly out, F5 (Popup, 5, EV 76.2 MPH)
|
Top of the 7th over - 0 runs, 0 hits, 0 errors, 1 left on base; Burlington 1 - Orem 2 |
BOTTOM OF THE 7TH |
Orem Owlz batting - Pitching for Burlington Royals : LHP Brett Reed
|
Batting: RHB Aaron Bryant
|
0-0: Called Strike 0-1: Ball 1-1: Ball 2-1: Swinging Strike 2-2: Strikes out swinging
|
Batting: RHB Rory Cobb
|
0-0: Ball 1-0: Ball 2-0: Swinging Strike 2-1: Called Strike 2-2: Strikes out swinging
|
Batting: SHB Danny Gelinas
|
0-0: Ground out 5-3 (Groundball, 56, EV 107.5 MPH)
|
Bottom of the 7th over - 0 runs, 0 hits, 0 errors, 0 left on base; Burlington 1 - Orem 2 |
TOP OF THE 8TH |
Burlington Royals batting - Pitching for Orem Owlz : RHP Kunihiro Sasaki
|
Pitching: RHP Jeff Shelton
|
|
Batting: RHB Carlos Almada
|
0-0: Ball 1-0: Ball 2-0: Called Strike 2-1: Ground out 6-3 (Groundball, 56S, EV 69.4 MPH)
|
Batting: LHB Vicente Hernandez
|
0-0: Hit by Pitch
|
Batting: LHB David Bearden
|
0-0: Ball 1-0: Ball 2-0: Swinging Strike 2-1: Ball 3-1: Ground out U3 (Groundball, 3L, EV 89.4 MPH) Vicente Hernandez to second
|
Batting: RHB Jonas Fernandez
|
0-0: Called Strike 0-1: Fly out, F9 (Flyball, 9LMF, EV 75.6 MPH)
|
Top of the 8th over - 0 runs, 0 hits, 0 errors, 1 left on base; Burlington 1 - Orem 2 |
BOTTOM OF THE 8TH |
Orem Owlz batting - Pitching for Burlington Royals : LHP Brett Reed
|
Batting: RHB Dan Myers
|
0-0: Ground out 5-3 (Groundball, 56S, EV 80.0 MPH)
|
Batting: RHB Fred Saxton
|
0-0: Ball 1-0: Swinging Strike 1-1: Ball 2-1: Ball 3-1: Foul Ball, location: 2F 3-2: Strikes out swinging
|
Batting: RHB Nick Lombardo
|
0-0: Ball 1-0: Ball 2-0: Called Strike 2-1: Foul Ball, location: 2F 2-2: Ball 3-2: Strikes out swinging
|
Bottom of the 8th over - 0 runs, 0 hits, 0 errors, 0 left on base; Burlington 1 - Orem 2 |
TOP OF THE 9TH |
Burlington Royals batting - Pitching for Orem Owlz : RHP Jeff Shelton
|
Pitching: RHP Jon Trujillo
|
|
Batting: RHB Ian Hornsby
|
0-0: Called Strike 0-1: Called Strike 0-2: Strikes out swinging
|
Batting: RHB Carlos Santoni
|
0-0: Hit by Pitch
|
Batting: RHB Jon Shonka
|
0-0: Ball 1-0: Ball Wild Pitch! Carlos Santoni to second 2-0: Foul Ball, location: 2F 2-1: Ball 3-1: Fly out, F9 (Flyball, 9D, EV 81.2 MPH) Runner from 2nd tags up, SAFE at 3rd, no throw by RF
|
Batting: RHB Mike Bearden
|
0-0: Ball 1-0: Called Strike 1-1: SINGLE (Groundball, 6MD, EV 104.4 MPH) Carlos Santoni scores
|
Batting: LHB Pablo Serrato
|
0-0: Foul Ball, location: 2F 0-1: Ball Mike Bearden steals 2nd base 1-1: Ground out 4-3 (Groundball, 4, EV 86.2 MPH)
|
Top of the 9th over - 1 run, 1 hit, 0 errors, 1 left on base; Burlington 2 - Orem 2 |
BOTTOM OF THE 9TH |
Orem Owlz batting - Pitching for Burlington Royals : LHP Brett Reed
|
Pitching: RHP Chance Griffin
|
|
Pinch Hitting: LHB Alberto Carrillo
|
0-0: Ball 1-0: SOLO HOME RUN (Flyball, 9D, EV 98.8 MPH), Distance : 374 ft
|
Bottom of the 9th over - 1 run, 1 hit, 0 errors, 0 left on base; Burlington 2 - Orem 3 |
|